 Dungeon Crawl Stone Soup version 0.27.1 (webtiles) character file.

Game seed: 9693083093987873901

357 ZARRMARR the Conjurer (level 6, 0/36 HPs)
             Began as an Octopode Conjurer on Sept 5, 2021.
             Slain by an orc wizard (1 damage)
             ... on level 3 of the Dungeon.
             The game lasted 00:10:21 (4133 turns).

ZARRMARR the Conjurer (Octopode Conjurer)           Turns: 4133, Time: 00:10:23

Health: 0/36       AC:  1    Str:  6    XL:     6   Next: 64%
Magic:  2/12       EV: 10    Int: 23    God:
Gold:   133        SH:  0    Dex: 10    Spells: 11/14 levels left

rFire    . . .     SeeInvis .   (no weapon)
rCold    . . .     Faith    .   i - +1 kite shield
rNeg     . . .     Spirit   .   (helmet restricted)
rPois    .         Reflect  .   (no amulet)
rElec    .         Harm     .   (no ring)
rCorr    .         Rampage  .   (no ring)
Will     .....                  (no ring)
Stlth    ++........             (no ring)
HPRegen  0.12/turn              (no ring)
MPRegen  0.13/turn              (no ring)
                                (no ring)
                                (no ring)

@: confused, mighty
A: almost no armour, amphibious, 8 rings, camouflage 1, gelatinous body 1,
(nimble swimmer 1), tentacles
a: no special abilities


You were on level 3 of the Dungeon.
You visited 1 branch of the dungeon, and saw 4 of its levels.

You collected 133 gold pieces.

Inventory:

Armour
 i - a +1 kite shield (worn)
Jewellery
 a - an amulet of faith
Scrolls
 b - a scroll of immolation
 c - a scroll of noise {unknown}
 d - a scroll of blinking {unknown}
 m - a scroll of fog {unknown}
 p - a scroll of teleportation {unknown}
Potions
 e - a potion of flight {unknown}
 f - a potion of brilliance {unknown}
 g - a potion of might
 h - a potion of mutation {unknown}
 j - 2 potions of haste {unknown}
 k - a potion of degeneration {unknown}
 l - 2 potions of curing {unknown}
 n - 2 potions of heal wounds {unknown}
 o - a potion of ambrosia {unknown}


   Skills:
 - Level 2.0 Dodging
 - Level 2.6 Stealth
 + Level 2.4 Shields
 + Level 4.6 Spellcasting
 - Level 5.4 Conjurations


You had 11 spell levels left.
You knew the following spells:

 Your Spells              Type           Power      Damage    Failure   Level
a - Magic Dart            Conj           100%       1d8       5%          1
b - Searing Ray           Conj           60%        3d5       8%          2

Your spell library contained the following spells:

 Spells                   Type           Power      Damage    Failure   Level
 Conjure Flame            Conj/Fire      17%        6-21      43%         3
 Dazzling Flash           Conj/Hex       34%        N/A       43%         3
 Ignite Poison            Fire/Tmut/Pois 5%         N/A       83%         3
 Fulminant Prism          Conj/Hex       8%         3d7       85%         4
 Iskenderun's Mystic Bla  Conj/Tloc      17%        2d5       85%         4
 Sticky Flame             Conj/Fire      17%        2d4       85%         4


Dungeon Overview and Level Annotations

Branches:
Dungeon (4/15)
 Temple: D:4-7

Altars:
Gozag
Makhleb


Innate Abilities, Weirdness & Mutations

You cannot wear most types of armour.
You are amphibious.
You can wear up to eight rings at the same time.
Your skin changes colour to match your surroundings (Stealth+).
Your rubbery body absorbs attacks. (AC +1, EV +1)
((You are camouflaged near water. (Stealth+)))
You have tentacles for arms and can constrict up to eight enemies at once.


Message History

The orc wizard flickers and vanishes!
Deactivating autopickup; reactivate with Ctrl-A.
Items here: )) ††.
You barely miss the orc wizard. Your grab misses the orc wizard.
The orc wizard is heavily wounded.
The orc wizard hits you with a +0 dagger.
The kobold hits you with a +0 short sword.
The orc wizard hits you with a +0 dagger.
The orc wizard mumbles some strange words.
The orc wizard flickers and vanishes!
The kobold throws a stone.
The stone hits you but does no damage.
Found a stone staircase leading up.
The kobold throws a stone.
You block the stone. The kobold hits you but does no damage.
Your magical contamination has completely faded away.
You hear some strange, mumbled words. x2
You are confused.
The kobold throws a stone.
The stone closely misses you.
There is a stone staircase leading up here.
The kobold throws a stone.
The stone barely misses you. Something hits you.
In your confused state, you trip and fall back down the stairs.
* * * LOW HITPOINT WARNING * * *
Something hits you.
* * * LOW HITPOINT WARNING * * *
Unknown command.
You feel less confused. Something hits you.
* * * LOW HITPOINT WARNING * * *
Something hits you.
* * * LOW HITPOINT WARNING * * *
You climb upwards.
Reactivating autopickup.
There is a stone staircase leading down here.
It was a potion of might.
You feel very mighty all of a sudden.
You hear some strange, mumbled words.
Deactivating autopickup; reactivate with Ctrl-A.
You are confused.
Something hits you.
You die...

### #.# #.#
#.###############
#...............#
#.#############.#
#.............#.# ####
#.#####....{#.#.#########...
#..........@................
#.#.........#.#..########...
#.#.........................
#.#.......###.#......####...
#.#.......##................
#.#....)..##................
#.#.......##.........<......
#.###.....##................
#.# ##...................##.


There were no monsters in sight!

Vanquished Creatures
  An ogre (D:4)
  A scorpion (D:3)
  An orc priest (D:4)
  An iguana (D:4)
  2 orc wizards
  3 adders
  A white imp (D:4)
  5 dart slugs
  9 orcs
  5 ball pythons
  3 endoplasms
  3 giant cockroaches
  8 goblins
  5 hobgoblins
  4 kobolds
  4 quokkas
  4 bats
  3 frilled lizards
  5 rats
68 creatures vanquished.

Notes
Turn   | Place    | Note
-------+----------+-------------------------------------------
     0 | D:1      | ZARRMARR the Octopode Conjurer began the quest for the Orb.
     0 | D:1      | Reached XP level 1. HP: 11/11 MP: 3/3
    62 | D:1      | Reached XP level 2. HP: 5/17 MP: 0/5
   410 | D:1      | Found a faded altar of an unknown god.
   410 | D:1      | Noticed a soul eater
  1202 | D:1      | Reached XP level 3. HP: 21/21 MP: 3/6
  1263 | D:1      | You fall into a shaft and drop 1 floor!
  1986 | D:2      | Reached XP level 4. HP: 27/27 MP: 4/8
  2681 | D:3      | Reached skill level 5 in Conjurations
  2805 | D:3      | Noticed a scorpion
  2814 | D:3      | Killed a scorpion
  2815 | D:3      | Reached XP level 5. HP: 31/31 MP: 4/10
  3039 | D:3      | Found a burning altar of Makhleb.
  3587 | D:3      | Learned a level 2 spell: Searing Ray
  3780 | D:4      | Noticed an ogre
  3811 | D:4      | Killed an ogre
  3812 | D:4      | Reached skill level 1 in Shields
  3812 | D:4      | Reached XP level 6. HP: 36/36 MP: 0/12
  4061 | D:4      | Found an opulent altar of Gozag.
  4131 | D:4      | HP: 1/36 [something (1)]
  4133 | D:3      | Slain by an orc wizard

Illustrated notes

Levels and vault maps discovered:
D:1:      psy_arrival_radial01, layout_basic,
          dreamdust_ecumenical_altar_sealed_demon,
          chequers_serial_rivers_micro_a
D:2:      layout_rooms, serial_co_window_serial, co_window_paths_a,
          co_window_corner_a, co_window_paths_a, co_window_of_opportunity_a,
          co_window_corner_a, co_window_2corner, co_window_unsneaky_path_d,
          co_window_broadway_c, co_window_broadway_c, glass_columns_b,
          glass_columns_c, glass_columns_a, glass_columns_b
D:3:      layout_basic, bloody_makhleb
D:4:      minmay_chambers_of_twos, layout_cave_pools, grunt_gozag_breadcrumbs,
          chequers_serial_rivers_micro_d

Skill      XL: |  1  2  3  4  5  6 |
---------------+-------------------+-----
Spellcasting   | 3 4 |  4.6
Conjurations   | 5 |  5.4
Shields        | 1 2 |  2.4
Dodging        | |  2.0
Stealth        | |  2.6

Action                   |  1- 3 |  4- 6 || total
-------------------------+-------+-------++-------
Melee: Unarmed           |    33 |    10 ||    43
       Constrict         |    12 |     2 ||    14
       Tentacles         |     3 |     1 ||     4
 Cast: Magic Dart        |    61 |    62 ||   123
       Searing Ray       |       |    11 ||    11
  Use: Scroll            |       |     3 ||     3
       Potion            |       |     1 ||     1
 Stab: Sleeping          |     1 |       ||     1
Armor: Skin              |     8 |     3 ||    11
Dodge: Dodged            |    14 |     6 ||    20
Block: Kite shield       |       |     6 ||     6
